 Dungeon Crawl Stone Soup version 0.19.5 (webtiles) character file.

114 Tappajahauki the Covered (level 4, -2/42 HPs)
             Began as a Deep Dwarf Fighter on May 17, 2017.
             Killed from afar by Sigmund (3 damage)
             ... with a puff of flame
             ... on level 3 of the Dungeon.
             The game lasted 00:13:40 (1936 turns).

Tappajahauki the Covered (Deep Dwarf Fighter)       Turns: 1936, Time: 00:13:40

Health: -2/42      AC:  8    Str: 21    XL:     4   Next: 67%
Magic:  4/4        EV:  7    Int:  8    God:
Gold:   51         SH:  9    Dex: 12    Spells: 0 memorised, 3 levels left

rFire  . . .     SeeInvis .     a - +0 war axe
rCold  . . .     Gourm    .     b - +0 scale mail
rNeg   + . .     Faith    .     c - +0 shield
rPois  .         Spirit   .     (no helmet)
rElec  .         Reflect  .     (no cloak)
rCorr  .         Harm     .     (no gloves)
MR     .....                    n - +0 pair of boots
Stlth  ..........               (no amulet)
                                (no ring)
                                p - ring of positive energy

@: non-regenerating
A: damage resistance, recharge devices, sense surroundings 1, slow regeneration
3
a: Device Recharging


You were on level 3 of the Dungeon.
You were not hungry.

You visited 1 branch of the dungeon, and saw 3 of its levels.

You collected 51 gold pieces.

Inventory:

Hand Weapons
 a - a +0 war axe (weapon)
Armour
 b - a +0 scale mail (worn)
 c - a +0 shield (worn)
 n - a +0 pair of boots (worn)
Jewellery
 p - a ring of positive energy (left hand)
Wands
 e - a wand of heal wounds (2/9)
Scrolls
 g - 3 scrolls of enchant armour {unknown}
 i - a scroll of blinking {unknown}
 l - a scroll of teleportation {unknown}
Potions
 d - 2 potions of might
 k - 4 potions of degeneration {unknown}
 o - a potion of ambrosia {unknown}
Comestibles
 f - 5 bread rations
 h - a meat ration
 j - a beef jerky


   Skills:
 + Level 3.3 Fighting
 + Level 3.2 Axes
 + Level 4.1 Armour
 + Level 0.7 Dodging
 + Level 0.3 Stealth
 + Level 4.0 Shields


You had 3 spell levels left.
You didn't know any spells.

Dungeon Overview and Level Annotations

Branches:
Dungeon (3/15)

Altars:

Annotations:
D:3 Sigmund


Innate Abilities, Weirdness & Mutations

You are resistant to damage.
You can recharge devices by infusing magical energy.
You passively map a small area around you.
You do not regenerate.


Message History

* * * LOW HITPOINT WARNING * * *
Sigmund appears from thin air!
Reactivating autopickup.
Sigmund hits you with a scythe!
* * * LOW HITPOINT WARNING * * *
Evoke which item? (* to show all) (? for menu, Esc to quit)
Zapping:
e - a wand of heal wounds (4/9)
Press: ? - help, Shift-Dir - straight line, f - you Nothing appears to happen.
This wand has 3 charges left.
Sigmund hits you but does no damage.
Evoke which item? (* to show all) (? for menu, Esc to quit)
Zapping:
e - a wand of heal wounds (3/9)
Press: ? - help, Shift-Dir - straight line, f - you Nothing appears to happen.
This wand has 2 charges left.
Sigmund gestures at you while chanting. The magic dart hits you!
You feel less confused. Sigmund casts a spell at you.
The puff of flame hits you!
You die...

* *_ * * * * # * ,, ,, *
.## , , .###* ,
#####*..# * , ,.%..#
_##...###.# *
.....###........# *, ,*
................# , *
###.......†.....#, ,
......@@........#
............###.#, * ,
............# #.## , *
......(.....# #..##,,
###.........####..#####.
#..................(..
#..............#######
########.......# ,
#.......# *


You could see Sigmund.

Vanquished Creatures
  6 adders
  An ooze (D:1)
  4 dart slugs
  A bat (D:2)
  A giant cockroach (D:2)
  4 goblins
  5 hobgoblins
  4 jackals (D:1)
  A quokka (D:2)
  4 frilled lizards
  10 kobolds
  9 rats
50 creatures vanquished.

Vanquished Creatures (others)
  A plant (D:2)
1 creature vanquished.

Grand Total: 51 creatures vanquished

Notes
Turn   | Place    | Note
-------+----------+-------------------------------------------
     0 | D:1      | Tappajahauki the Deep Dwarf Fighter began the quest for the Orb.
     0 | D:1      | Reached XP level 1. HP: 20/20 MP: 1/1
   110 | D:1      | Reached XP level 2. HP: 21/27 MP: 2/2
  1148 | D:2      | Reached XP level 3. HP: 17/34 MP: 3/3
  1554 | D:2      | Reached XP level 4. HP: 14/42 MP: 4/4
  1900 | D:3      | Noticed Sigmund
  1932 | D:3      | HP: 1/42 [Sigmund/scythe (9)]
  1936 | D:3      | Killed from afar by Sigmund

Skill      XL: |  1  2  3  4 |
---------------+-------------+-----
Fighting       | 3 |  3.3
Armour         | 4 |  4.1
Axes           | 3 |  3.2
Shields        | 4 |  4.0
Dodging        | |  0.7
Stealth        | |  0.3

Action                   |  1- 3 |  4- 6 || total
-------------------------+-------+-------++-------
Melee: War axe           |   111 |    48 ||   159
Evoke: Wand              |       |     3 ||     3
  Use: Potion            |     1 |       ||     1
  Eat: Meat ration       |     1 |       ||     1
Armor: Scale mail        |    46 |    17 ||    63
Dodge: Dodged            |    34 |     2 ||    36
Block: Shield            |    69 |    16 ||    85
